 Dungeon Crawl Stone Soup version 0.19.0-2-gae57169 (webtiles) character file.

771 inmateoo the Cleaver (level 7, -5/96 HPs)
             Began as a Minotaur Berserker on Nov 6, 2016.
             Was a Believer of Trog.
             Slain by an orc warrior
             ... wielding a +0 dire flail
              (24 damage)
             ... on level 5 of the Dungeon.
             The game lasted 00:03:45 (1054 turns).

inmateoo the Cleaver (Minotaur Berserker)           Turns: 1054, Time: 00:03:46

Health: -5/96      AC:  9    Str: 28    XL:     7   Next: 53%
Magic:  15/15      EV:  9    Int:  4    God:    Trog [**....]
Gold:   101        SH:  0    Dex: 10    Spells: 0 memorised, 6 levels left

rFire  . . .     SeeInvis .     a - +0 hand axe
rCold  . . .     Gourm    .     q - +0 chain mail
rNeg   . . .     Faith    .     (no shield)
rPois  .         Spirit   .     (helmet restricted)
rElec  .         Reflect  .     (no cloak)
rCorr  .         Harm     .     (no gloves)
MR     .....                    f - +0 pair of boots
Stlth  ..........               (no amulet)
                                (no ring)
                                l - ring of magical power

@: berserking, very quick
A: retaliatory headbutt, horns 2
a: Berserk, Trog's Hand, Burn Spellbooks, Renounce Religion


You were on level 5 of the Dungeon.
You worshipped Trog.
Trog was pleased with you.
You were very hungry.

You visited 1 branch of the dungeon, and saw 6 of its levels.

You collected 101 gold pieces.

Inventory:

Hand Weapons
 a - a +0 hand axe (weapon)
Armour
 f - a +0 pair of boots (worn)
 q - a +0 chain mail (worn)
Jewellery
 l - a ring of magical power (left hand)
Scrolls
 b - a scroll of immolation {unknown}
 d - a scroll of teleportation {unknown}
 e - a scroll of identify {unknown}
 g - 2 scrolls of fog {unknown}
 i - a scroll of amnesia {unknown}
Potions
 m - a potion of heal wounds {unknown}
 n - a potion of might {unknown}
 o - a potion of mutation {unknown}
 p - 2 potions of magic {unknown}
Comestibles
 c - a bread ration
 h - 2 meat rations
 k - 5 chunks of flesh


   Skills:
 + Level 6.7 Fighting
 * Level 9.1 Axes
 - Level 2.4 Armour
 - Level 2.1 Dodging


You had 6 spell levels left.
You didn't know any spells.

Dungeon Overview and Level Annotations

Branches:
Dungeon (6/15)
 Temple: D:4-7

Altars:
Makhleb

Annotations:
D:4 Monkfish's ghost, amateur KoBe


Innate Abilities, Weirdness & Mutations

You reflexively headbutt those who attack you in melee.
You have a pair of horns on your head.


Message History

You climb upwards.
There is a stone staircase leading down here.
The orc warrior hits you with a dire flail!
* * * LOW HITPOINT WARNING * * *
Your skin crawls.
You feel resistant to hostile enchantments.
You are feeling hungry.
The orc warrior hits you with a dire flail!
* * * LOW HITPOINT WARNING * * *
There is an open door here.
You feel the effects of Trog's Hand fading.
You close the door.
An orc warrior opens the door.
Your skin stops crawling.
You feel less resistant to hostile enchantments.
A red film seems to cover your vision as you go berserk!
You feel yourself moving faster!
You feel mighty!
You are feeling very hungry.
You closely miss the orc warrior. Your headbutt misses the orc warrior.
The orc warrior hits you with a dire flail!!
You die...

.......#.###.######.###
#...####. #......# .#
.........##....#.# #
#)..#..........#.#
......####.....#.#
.........#.....#.##
.....###.#.........
###....# #.....#.##
##..# #.....#@# <.#
#.#.#.#o# .# ###.#.#.#
#.....#.# #.#.###.#
#.#.###.# # #...#.#
#...#.# #...#'####


You could see an orc warrior.

Vanquished Creatures
  Sigmund (D:5)
  Duvessa (D:5)
  An orc warrior (D:6)
  An ogre (D:6)
  Dowan (D:5)
  2 crimson imps (D:5)
  2 hounds
  3 orc wizards
  2 worker ants
  3 adders
  A leopard gecko (D:5)
  2 orcs
  2 giant cockroaches
  2 goblins (D:1)
  3 jackals (D:5)
  4 kobolds
  2 bats (D:1)
  A frilled lizard (D:1)
  A giant cockroach zombie (D:5)
  A quokka skeleton (D:4)
  A quokka zombie (D:5)
  A rat (D:1)
  A toadstool (D:1)
39 creatures vanquished.

Vanquished Creatures (others)
  3 toadstools (D:1)
3 creatures vanquished.

Grand Total: 42 creatures vanquished

Notes
Turn   | Place    | Note
-------+----------+-------------------------------------------
     0 | D:1      | inmateoo the Minotaur Berserker began the quest for the Orb.
     0 | D:1      | Reached XP level 1. HP: 19/19 MP: 0/0
   210 | D:1      | Reached skill level 4 in Axes
   236 | D:1      | Reached XP level 2. HP: 24/27 MP: 1/1
   351 | D:1      | You fall through a shaft!
   439 | D:4      | Reached skill level 5 in Axes
   439 | D:4      | Reached XP level 3. HP: 33/33 MP: 2/2
   467 | D:4      | Noticed Monkfish's ghost (amateur KoBe)
   491 | D:5      | Entered Level 5 of the Dungeon
   492 | D:5      | Noticed Sigmund
   500 | D:5      | Killed Sigmund
   500 | D:5      | Reached skill level 5 in Fighting
   500 | D:5      | Reached skill level 6 in Axes
   500 | D:5      | Reached XP level 4. HP: 42/42 MP: 3/3
   500 | D:5      | Reached XP level 5. HP: 48/48 MP: 4/4
   525 | D:5      | Found a burning altar of Makhleb.
   534 | D:5      | Noticed Duvessa
   535 | D:5      | Noticed Dowan
   551 | D:5      | Killed Dowan
   551 | D:5      | Reached skill level 7 in Axes
   551 | D:5      | Reached XP level 6. HP: 56/56 MP: 5/5
   557 | D:5      | Killed Duvessa
   714 | D:5      | Reached ** piety under Trog
   718 | D:5      | Reached skill level 8 in Axes
   773 | D:5      | Reached XP level 7. HP: 63/63 MP: 6/6
   985 | D:6      | Reached skill level 9 in Axes
  1039 | D:5      | HP: 1/64 [orc warrior/dire flail (16)]
  1054 | D:5      | Slain by an orc warrior

Skill      XL: |  1  2  3  4  5  6  7 |
---------------+----------------------+-----
Axes           | 4 5 6 7 8 9 |  9.1
Fighting       | 5 6 |  6.7
Armour         | |  2.4
Dodging        | |  2.1

Action                   |  1- 3 |  4- 6 |  7- 9 || total
-------------------------+-------+-------+-------++-------
Melee: Hand axe          |    26 |    20 |    32 ||    78
       Headbutt          |     6 |     4 |     6 ||    16
Invok: Berserk           |     2 |     3 |     3 ||     8
       Trog's Hand       |       |       |     1 ||     1
  Eat: Chunk             |       |     3 |     4 ||     7
Armor: Animal skin       |     2 |       |       ||     2
       Ring mail         |     7 |    14 |    10 ||    31
       Chain mail        |       |       |     2 ||     2
Dodge: Dodged            |    16 |    27 |     9 ||    52
